 Dungeon Crawl Stone Soup version 0.30-a0-782-ge64f9170bb (webtiles) character file.

Game seed: 1471685761314708143

53 vineage the Trooper (level 3, -5/24 HPs)
             Began as a Gargoyle Fighter on Mar 14, 2023.
             Slain by Crazy Yiuf
             ... wielding a +3 quarterstaff of chaos
              (14 damage)
             ... on level 2 of the Dungeon.
             The game lasted 00:01:39 (1476 turns).

vineage the Trooper (Gargoyle Fighter)              Turns: 1476, Time: 00:01:39

Health: -5/24      AC: 13    Str: 19    XL:     3   Next: 87%
Magic:  3/3        EV:  9    Int:  8    God:
Gold:   137        SH:  4    Dex: 11    Spells: 2/2 levels left

rFire   + . .      SeeInvis .    a - +0 flail
rCold   . . .      Faith    .    c - +0 buckler
rNeg    + . .      Spirit   .    b - +0 scale mail
rPois   ∞          Reflect  .    (no helmet)
rElec   +          Harm     .    (no cloak)
rCorr   .          Rampage  .    (no gloves)
Will    .....                    i - +2 pair of boots Stlth
                                 (no amulet)
HPRegen 0.24/turn                h - ring of protection from fire
MPRegen 0.08/turn                (no ring)

@: no status effects
A: sickness immunity, AC +3, negative energy resistance 1, electricity
resistance, torment resistance 1, petrification resistance
a: no special abilities


You were on level 2 of the Dungeon.
You visited 1 branch of the dungeon, and saw 2 of its levels.

You collected 137 gold pieces.

Inventory:

Hand Weapons
 a - a +0 flail (weapon)
Armour
 b - a +0 scale mail (worn)
 c - a +0 buckler (worn)
 i - a +2 pair of boots (worn)
Jewellery
 h - a ring of protection from fire (left hand)
Scrolls
 e - a scroll of identify
 g - 2 scrolls of teleportation
 j - a scroll of magic mapping
 l - a scroll of noise {unknown}
Potions
 d - 2 potions of might
 f - a potion of curing
 k - a potion of haste


   Skills:
 * Level 4.6 Fighting
 + Level 2.7 Maces & Flails
 - Level 3.2 Armour
 - Level 3.2 Shields


You had 2 spell levels left.
You didn't know any spells.
Your spell library contained the following spells:

 Spells                   Type           Power      Damage    Failure   Level
 Beastly Appendage        Tmut           0%         N/A       86%         1
 Wereblood                Tmut           0%         N/A       95%         2
 Spider Form              Tmut/Pois      0%         N/A       99%         3
 Iskenderun's Battlesphe  Conj           0%         2d6       100%        5
 Iron Shot                Conj/Erth      0%         9d1       100%        6
 Spellforged Servitor     Conj/Summ      0%         N/A       100%        7


Dungeon Overview and Level Annotations

Branches:
Dungeon (2/15)

Altars:

Shops:
D:2 *

Annotations:
D:2 Crazy Yiuf


Innate Abilities, Weirdness & Mutations

You are immune to sickness and miasma.
Your stone body is resilient. (AC +3)
You are immune to poison.
You resist negative energy. (rN+)
You are resistant to electric shocks. (rElec)
You are resistant to unholy torment.
You are immune to petrification.


Message History

You kill the hobgoblin!
No target in view!
No target in view!
No target in view!
No target in view!
No target in view!
No target in view!
No target in view!
No target in view!
No target in view!
You see here a hobgoblin corpse.
You now have 137 gold pieces (gained 9).
Found an escape hatch in the ceiling.
l - a scroll labelled JUUJI EDGHURPHINGA You see here a +0 trident.
Found a stone staircase leading up and a stone staircase leading down.
No target in view!
You pick up a book of Power and begin reading...
You add the spells Iskenderun's Battlesphere, Iron Shot and Spellforged Servitor to your library.
You see here a +0 leather armour.
Found an escape hatch in the floor.
Found 3 stones.
There is a stone staircase leading up here.
You see here a +0 robe.
You see here a +0 leather armour.
Crazy Yiuf shouts!
You open the door. You hit Crazy Yiuf.
Crazy Yiuf is lightly wounded.
Crazy Yiuf hits you with a +3 quarterstaff of chaos.
Crazy Yiuf burns you.
You closely miss Crazy Yiuf.
Crazy Yiuf is lightly wounded.
Crazy Yiuf hits you with a +3 quarterstaff of chaos!
Crazy Yiuf burns you.
You closely miss Crazy Yiuf.
Crazy Yiuf is lightly wounded.
Crazy Yiuf hits you with a +3 quarterstaff of chaos!
Ouch! That really hurt!
You die...

#.#..##.##.######
#..##
#.#.###.........####
#...#
..#.##.....####....#
###.#'### ###.##.#####
###### #...#∩#.#
##.....# #######..
.....### ♣♣♣♣♣###
#...## ##.###
###**♣♣♣.♣....###...##
#.#
#...#♣..♣.P....##.#...
#.#
#...g@♣♣♣♣PP......####
##.### #)..#♣♣
♣♣....#### # ..<..#
###** ♣♣#### #
.....##### #
.........# .....#####
######


You could see Crazy Yiuf.

Vanquished Creatures
  A gnoll (D:1)
  An adder (D:2)
  5 endoplasms
  A giant cockroach (D:1)
  4 goblins
  4 hobgoblins
  2 quokkas (D:1)
  3 ball pythons
  5 bats
  3 frilled lizards
  2 kobolds (D:1)
  2 rats (D:1)
33 creatures vanquished.

Notes
Turn   | Place    | Note
-------+----------+-------------------------------------------
     0 | D:1      | vineage the Gargoyle Fighter began the quest for the Orb.
     0 | D:1      | Reached XP level 1. HP: 14/14 MP: 1/1
   100 | D:1      | Reached XP level 2. HP: 17/20 MP: 2/2
   328 | D:1      | Reached skill level 4 in Fighting
   682 | D:1      | Reached XP level 3. HP: 9/24 MP: 3/3
  1093 | D:2      | Found Maisch's Assorted Antiques.
  1122 | D:2      | Found a runed translucent door.
  1123 | D:2      | Noticed Crazy Yiuf
  1476 | D:2      | Slain by Crazy Yiuf

Illustrated notes

Levels and vault maps discovered:
D:1:      ncdulo_smallfort, layout_basic, minmay_misc_feat_secret_circle
D:2:      layout_rooms, serial_shops, nicolae_shop_window_shopping,
          minivault_24, uniq_crazy_yiuf_cottage

Skill      XL: |  1  2 |
---------------+-------+-----
Fighting       | 4 |  4.6
Maces & Flails | |  2.7
Armour         | |  3.2
Shields        | |  3.2

Action                     || total
---------------------------++-------
  Melee: Flail             ||   127
    Use: Scroll            ||     8
 Armour: Scale mail        ||    68
  Dodge: Dodged            ||    59
  Block: Buckler           ||    30

Table legend: (Time is in decaauts)
 A = Elapsed time spent in this place.
 B = Non-inter-level travel time spent in this place.
 C = Inter-level travel time spent in this place.
 D = Time resting spent in this place.
 E = Time spent auto-exploring this place.
 F = Levels seen in this place.
 G = Mean time per level.
                   A        B        C        D        E       F      G
               +--------+--------+--------+--------+--------+-----+--------+
         Total |   1516 |   1445 |     71 |      0 |   1137 |   2 |  758.0 |
       Dungeon |   1516 |   1445 |     71 |      0 |   1137 |   2 |  758.0 |
               +--------+--------+--------+--------+--------+-----+--------+

Top non-repeatable levels by time:
     D:1: 826 daAuts
     D:2: 689 daAuts
